 Dungeon Crawl Stone Soup version 0.31-a0-233-g139696dc86 (webtiles) character file.

Game seed: 16381589508639290343

1118 Tocho the Cleaver (level 8, 0/124 HPs)
             Began as an Ogre Reaver on July 9, 2023.
             Was a Follower of Okawaru.
             Slain by a killer bee (4 damage)
             ... on level 5 of the Dungeon.
             The game lasted 00:14:19 (4480 turns).

Tocho the Cleaver (Ogre Reaver)                     Turns: 4480, Time: 00:14:20

Health: 0/124      AC: 24    Str: 19    XL:     8   Next: 34%
Magic:  11/11      EV:  1    Int: 14    God:    Okawaru [*.....]
Gold:   235        SH:  0    Dex:  7    Spells: 8/12 levels left

rFire   . . .        v - +3 battleaxe (freeze)
rCold   . . .        (shield currently unavailable)
rNeg    . . .        b - melded +1 robe
rPois   +            (helmet currently unavailable)
rElec   .            (cloak currently unavailable)
rCorr   .            (gloves unavailable)
SInv    .            (boots unavailable)
Will    .....        f - amulet of regeneration
Stlth   +            t - ring of flight
HPRegen 1.20/turn    (no ring)
MPRegen 0.12/turn

%: no passive effects
@: lethally poisoned (0 -> -1), tree-form
A: stationary, stasis, torment immunity, boosted hp, large, unfitting armour,
(tough skin 1), screaming 1
a: Renounce Religion, Heroism


You were on level 5 of the Dungeon.
You worshipped Okawaru.
Okawaru was aware of your devotion.
You were a tree.
You visited 2 branches of the dungeon, and saw 7 of its levels.

You collected 235 gold pieces.

Inventory:

Hand Weapons
 a - a +0 hand axe
 j - a +0 war axe
 u - a +2 great sword
 v - a +3 battleaxe of freezing (weapon)
Missiles
 l - 3 poisoned darts
Armour
 b - a +1 robe (melded)
Magical Staves
 i - a staff of fire
 w - a staff of cold
Jewellery
 f - an amulet of regeneration (around neck)
 t - a ring of flight (left branch)
Scrolls
 e - a scroll of poison
 g - 2 scrolls of teleportation
 n - 2 scrolls of immolation
Potions
 c - 2 potions of attraction
 d - 2 potions of haste
 r - a potion of might {unknown}


   Skills:
 * Level 6.1 Fighting
 * Level 8.0 Axes
 + Level 3.4 Dodging
 + Level 0.5 Stealth
 + Level 2.6 Spellcasting
 + Level 2.8 Conjurations
 + Level 1.2 Necromancy
 + Level 0.3 Transmutations
 + Level 0.2 Poison Magic


You had 8 spell levels left.
You knew the following spells:

 Your Spells              Type           Power      Damage    Failure   Level
a - Kiss of Death         Conj/Necr      28%        2d7       10%         1
b - Sting                 Tmut/Pois      8%         1d3       21%         1
c - Momentum Strike       Conj/Tloc      10%        3d8       19%         2

Your spell library contained the following spells:

 Spells                   Type           Power      Damage    Failure   Level
 Poisonous Vapours        Pois/Air       4%         N/A       32%         2
 Hailstorm                Conj/Ice       5%         3d4       36%         3
 Olgreb's Toxic Radiance  Pois           2%         N/A       90%         4
 Passage of Golubria      Tloc           1%         N/A       92%         4
 Silence                  Hex/Air        0%         N/A       99%         5
 Lehudib's Crystal Spear  Conj/Erth      2%         10d2      100%        8
 Summon Small Mammal      Summ           Unusable   N/A       N/A         1
 Call Canine Familiar     Summ           Unusable   N/A       N/A         3
 Summon Guardian Golem    Hex/Summ       Unusable   N/A       N/A         3

Dungeon Overview and Level Annotations

Branches:
Dungeon (6/15)             Temple (1/1) D:5

Altars:
Ashenzari
Cheibriados
Dithmenos
Fedhas
Gozag
Hepliaklqana
Kikubaaqudgha
Makhleb
Okawaru
Ru
Sif Muna
Uskayaw
Vehumet
Yredelemnul
Zin
The Shining One

Shops:
D:5 *


Innate Abilities, Weirdness & Mutations

You are a tree.
Your roots penetrate the ground, keeping you stationary.
You cannot be teleported.
You are immune to unholy pain and torment.
Your maximum health is greatly increased.
Your equipment is partially melded.
You are too large for most types of armour.
((You have tough skin. (AC +1)))
You occasionally shout uncontrollably at your foes.


Message History

* * * LOW HITPOINT WARNING * * *
The killer bee barely misses you. The killer bee stings you.
* * * LOW HITPOINT WARNING * * *
You feel better. The killer bee stings you!
* * * LOW HITPOINT WARNING * * *
The killer bee stings you.
* * * LOW HITPOINT WARNING * * *
You are poisoned.
The killer bee poisons you! The killer bee misses you.
The killer bee stings you but does no damage.
Really quaff the potion of lignification?
You turn into a tree.
Your +1 robe melds into your body.
Your roots penetrate the ground.
You feel very sick.
The killer bee stings you but does no damage. x4
You hit the killer bee. You freeze the killer bee.
The killer bee is almost dead.
You closely miss the killer bee.
You feel sick. The killer bee stings you.
* * * LOW HITPOINT WARNING * * *
You are more poisoned.
The killer bee poisons you! The killer bee barely misses you.
The killer bee stings you but does no damage. x4
You miss the killer bee.
The killer bee is almost dead.
You barely miss the killer bee.
* * * LOW HITPOINT WARNING * * *
You feel very sick.
The killer bee stings you but does no damage. x6
You miss the killer bee.
The killer bee is almost dead.
You miss the killer bee.
You feel very sick.
The killer bee stings you but does no damage. x4
You barely miss the killer bee.
The killer bee is almost dead.
You hit the killer bee but do no damage.
You feel sick.
The killer bee stings you but does no damage. x2
The killer bee stings you.
You die...

#.######.#.#.########## #
#........#............# #
#########.#...########.# #
#.......#.#....##### #.# #
#.#####.#.#........# #.# #
#.# #..<..#...#♣♣♣♣#.# #
##.###########...#♣..♣#.# #
#...........y........♣#.# #
##†########♣##.#..._.♣#.####
#.........#y.........♣#.....
##.######.#[####..♣..♣#.....
#.# #.#.# ##.♣♣♣♣#..... #.#
#.#.# #.....##.... #.#
#.#.#####.#...##.... #.#
#.#.#...#.#.#.##.... #.#
#.#.#.#.#...........
#.######.#.#.#...#..8..#..#


You could see 2 killer bees.

Vanquished Creatures
  An ice beast (D:5)
  A black bear (D:4)
  2 necrophages (D:5)
  A water moccasin zombie (D:5)
  A scorpion (D:5)
  2 wights (D:5)
  A killer bee (D:5)
  2 bullfrog zombies (D:5)
  3 hounds (D:4)
  A jelly (D:5)
  An orc priest (D:4)
  A human zombie (D:5)
  A sleepcap (D:5)
  An orc wizard (D:5)
  2 iguanas
  3 mummies (D:5)
  A gnoll (D:4)
  6 adders
  2 shadow imps
  A white imp (D:5)
  An ufetubus (D:5)
  An adder zombie (D:5)
  6 dart slugs
  10 orcs
  4 endoplasms
  3 giant cockroaches
  7 hobgoblins
  3 jackals (D:4)
  2 quokkas
  5 ball pythons
  6 bats
  3 frilled lizards
  5 goblins
  6 kobolds
  5 rats
101 creatures vanquished.

Notes
Turn   | Place    | Note
-------+----------+-------------------------------------------
     0 | D:1      | Tocho the Ogre Reaver began the quest for the Orb.
     0 | D:1      | Reached XP level 1. HP: 22/22 MP: 3/3
   127 | D:1      | Reached XP level 2. HP: 23/29 MP: 5/5
   872 | D:2      | Reached XP level 3. HP: 27/36 MP: 6/6
   900 | D:2      | Reached skill level 4 in Axes
  1256 | D:2      | Found a faded altar of an unknown god.
  1357 | D:2      | Gained mutation: You occasionally lose the ability to drink
                  | potions when taking damage. [potion of mutation]
  1358 | D:2      | Lost mutation: You occasionally lose the ability to drink
                  | potions when taking damage. [potion of mutation]
  1358 | D:2      | Gained mutation: You occasionally shout uncontrollably at
                  | your foes. [potion of mutation]
  1420 | D:3      | Identified the +2 dagger "Demonslayer" {spect, rF+ rN+}
  1443 | D:3      | Found an ancient bone altar of Kikubaaqudgha.
  1447 | D:3      | Reached XP level 4. HP: 42/42 MP: 7/7
  1456 | D:3      | Learned a level 1 spell: Sting
  1459 | D:3      | Learned a level 2 spell: Momentum Strike
  1858 | D:3      | Found an opulent altar of Gozag.
  2007 | D:3      | Found a broken altar of Ashenzari.
  2270 | D:4      | Noticed a black bear
  2278 | D:4      | Killed a black bear
  2279 | D:4      | Reached skill level 5 in Axes
  2279 | D:4      | Reached XP level 5. HP: 54/54 MP: 8/8
  2441 | D:4      | Reached XP level 6. HP: 62/62 MP: 9/9
  2955 | D:5      | Entered Level 5 of the Dungeon
  3004 | D:5      | Found a staircase to the Ecumenical Temple.
  3005 | D:5      | Noticed an ice beast
  3013 | D:5      | Killed an ice beast
  3014 | D:5      | Reached skill level 6 in Axes
  3014 | D:5      | Reached XP level 7. HP: 21/62 MP: 8/10
  3021 | Temple   | Entered the Ecumenical Temple
  3142 | Temple   | Became a worshipper of Warmaster Okawaru
  3233 | D:5      | Reached skill level 5 in Fighting
  3380 | D:5      | Reached skill level 1 in Necromancy
  3538 | D:5      | Reached * piety under Okawaru
  3572 | D:5      | Found a burning altar of Makhleb.
  3603 | D:5      | Reached skill level 7 in Axes
  3659 | D:5      | Reached XP level 8. HP: 31/72 MP: 11/11
  3732 | D:5      | Found a basalt altar of Yredelemnul.
  3836 | D:5      | Found a hide-covered altar of Uskayaw.
  3995 | D:5      | Found Danyisil's Gadget Gallery.
  4440 | D:5      | Reached skill level 8 in Axes
  4478 | D:5      | HP: 5/124 [poisoned by a killer bee]
  4480 | D:5      | Slain by a killer bee

Illustrated notes

Levels and vault maps discovered:
D:1:      psy_arrival_basics, layout_basic, minivault_25, st_stairs_2,
          minivault_4, minmay_pentomino_o2
D:2:      wander_river, layout_rooms, basic_ecumenical_altar
D:3:      layout_basic, old_standard_altar, mainiacjoe_overflow_24_doors,
          lemuel_tele_altar
D:4:      layout_loops_ring, cheibrodos_gnoll_hut
D:5:      layout_basic, lemuel_mausoleum_altar_yredelemnul,
          mainiacjoe_overflow_alcove_1, lightli_temple_of_fire,
          minmay_temple_entry_waves, nicolae_shop_gadgets
D:6:      layout_loops_ring, grunt_qazlal_sundering, gammafunk_ghost_cemetery,
          uniq_eustachio
Temple:   nicolae_temple_ecumenical_triangle

Skill      XL: |  1  2  3  4  5  6  7  8 |
---------------+-------------------------+-----
Dodging        | 2 3 |  3.4
Axes           | 4 5 6 7 8 |  8.0
Fighting       | 3 4 5 6 |  6.1
Necromancy     | 1 |  1.2
Stealth        | |  0.5
Spellcasting   | |  2.6
Conjurations   | |  2.8
Transmutations | |  0.3
Poison Magic   | |  0.2

Action                     |  1- 3 |  4- 6 |  7- 9 || total
---------------------------+-------+-------+-------++-------
  Melee: Hand axe          |    94 |       |       ||    94
         War axe           |    22 |   159 |   119 ||   300
         Punch             |       |     1 |     3 ||     4
         Battleaxe         |       |       |    54 ||    54
   Cast: Kiss of Death     |     1 |     2 |     1 ||     4
         Sting             |       |     8 |       ||     8
    Use: Scroll            |     5 |     2 |     8 ||    15
         Potion            |     2 |       |     6 ||     8
 Armour: Robe              |    34 |    67 |    48 ||   149
         Skin              |       |       |    20 ||    20
  Dodge: Dodged            |    62 |   101 |   120 ||   283

Table legend: (Time is in decaauts)
 A = Elapsed time spent in this place.
 B = Non-inter-level travel time spent in this place.
 C = Inter-level travel time spent in this place.
 D = Time resting spent in this place.
 E = Time spent auto-exploring this place.
 F = Levels seen in this place.
 G = Mean time per level.
                   A        B        C        D        E       F      G
               +--------+--------+--------+--------+--------+-----+--------+
         Total |   4572 |   4332 |    240 |      0 |   3340 |   7 |  653.1 |
       Dungeon |   4443 |   4277 |    166 |      0 |   3289 |   6 |  740.5 |
        Temple |    128 |     54 |     74 |      0 |     51 |   1 |  128.0 |
               +--------+--------+--------+--------+--------+-----+--------+

Top non-repeatable levels by time:
     D:5: 1396 daAuts
     D:4: 943 daAuts
     D:1: 839 daAuts
     D:3: 655 daAuts
     D:2: 567 daAuts
  Temple: 128 daAuts
     D:6: 40 daAuts
